 Dungeon Crawl Stone Soup version 0.32-a0-422-g28b100f618 (webtiles) character file.

Game seed: 17750900246026844079

3108 Newt the Fighter (level 9, -4/60 HPs)
             Began as a Gargoyle Fighter on Feb 21, 2024.
             Was a Believer of Okawaru.
             Killed from afar by a steam dragon (15 damage)
             ... with a ball of steam
             ... on level 8 of the Dungeon.
             The game lasted 00:09:34 (8542 turns).

Newt the Fighter (Gargoyle Fighter)                 Turns: 8542, Time: 00:09:35

Health: -4/60      AC: 21    Str: 23    XL:     9   Next: 90%
Magic:  9/9        EV:  8    Int: 10    God:    Okawaru [**....]
Gold:   151        SH:  0    Dex:  9    Spells: 8/8 levels left

rFire   . . .        d - +2 dire flail (holy)
rCold   . . .        (shield currently unavailable)
rNeg    + . .        r - +4 chain mail
rPois   ∞            q - +0 helmet
rElec   +            (no cloak)
rCorr   .            (no gloves)
SInv    .            (no boots)
Will    .....        (no amulet) Stlth
                     h - ring of wizardry
HPRegen 0.30/turn    (no ring)
MPRegen 0.11/turn

%: wizardry (x1)
@: no status effects
A: sickness immunity, AC +6, negative energy resistance 1, electricity
resistance, torment resistance 1, petrification resistance
a: Renounce Religion, Heroism


You were on level 8 of the Dungeon.
You worshipped Okawaru.
Okawaru was pleased with you.
You visited 2 branches of the dungeon, and saw 9 of its levels.
You also visited: Sewer.

You collected 442 gold pieces.
You spent 291 gold pieces at shops.

Inventory:

Hand Weapons
 a - a +0 flail
 d - a +2 dire flail of holy wrath (weapon)
 t - a +0 flail of holy wrath
Missiles
 k - 18 poisoned darts (quivered)
 w - 2 boomerangs
Armour
 b - a +0 scale mail
 c - a +0 buckler
 q - a +0 helmet (worn)
 r - a +4 chain mail (worn)
 u - a +0 pair of boots
Jewellery
 h - a ring of wizardry (left hand)
Wands
 x - a wand of digging (5)
 C - a wand of polymorph (7)
Scrolls
 e - a scroll of summoning
 g - 2 scrolls of noise
 i - 2 scrolls of amnesia
 l - 2 scrolls of teleportation
 m - a scroll of poison
 s - 6 scrolls of enchant armour
 v - a scroll of fear {unknown}
 y - a scroll of fog {unknown}
 A - 2 scrolls of revelation
 D - a scroll of silence {unknown}
 E - a scroll of identify
Potions
 f - a potion of berserk rage
 j - 2 potions of heal wounds
 n - a potion of attraction {unknown}
 o - 2 potions of curing
 p - 3 potions of brilliance
 z - a potion of lignification
 B - 2 potions of mutation {unknown}


   Skills:
 + Level 9.2 Fighting
 * Level 8.9 Maces & Flails
 - Level 3.0 Throwing
 - Level 6.0 Armour
 - Level 5.0 Shields


You had 8 spell levels left.
You didn't know any spells.
Your spell library contained the following spells:

 Spells                   Type           Power      Damage    Failure   Level
 Mercury Vapours          Alch/Air       0%         N/A       73%         2
 Mephitic Cloud           Conj/Alch/Air  0%         N/A       91%         3
 Freezing Cloud           Conj/Ice/Air   0%         6-21      100%        5
 Call Imp                 Summ           Unusable   N/A       N/A         2
 Sublimation of Blood     Necr           Unusable   N/A       N/A         2
 Summon Hydra             Summ           Unusable   N/A       N/A         7

Dungeon Overview and Level Annotations

Branches:
Dungeon (8/15)             Temple (1/1) D:6           Sewer (visited)
   Lair: D:8-11

Altars:
Cheibriados
Dithmenos
Elyvilon
Fedhas
Hepliaklqana
Kikubaaqudgha
Makhleb
Nemelex Xobeh
Okawaru
Qazlal
Sif Muna
Uskayaw
Yredelemnul
Zin

Shops:
D:1 *   D:2 !   D:3 !(?!(


Innate Abilities, Weirdness & Mutations

You are immune to sickness and miasma.
Your stone body is resilient. (AC +6)
You are immune to poison.
You resist negative energy. (rN+)
You are resistant to electric shocks. (rElec)
You are resistant to unholy torment.
You are immune to petrification.


Message History

The ball of steam hits you!
You hear an angry buzzing noise.
You closely miss the steam dragon.
You are engulfed in a cloud of scalding steam.
A killer bee comes into view.
You hit the steam dragon.
The steam dragon is lightly wounded.
You are engulfed in a cloud of scalding steam.
The steam dragon bites you but does no damage.
The steam dragon claws you but does no damage.
A killer bee comes into view.
Unknown command.
You barely miss the steam dragon.
The steam dragon is lightly wounded.
You are engulfed in a cloud of scalding steam.
The killer bee buzzes angrily.
A killer bee comes into view.
The steam dragon bites you but does no damage.
The steam dragon barely misses you.
The killer bee moves out of view.
You barely miss the steam dragon.
The steam dragon bites you but does no damage.
The steam dragon claws you but does no damage.
Unknown command.
You hit the steam dragon.
The steam dragon is lightly wounded.
The steam dragon breathes steam at you. The ball of steam hits you!
* * * LOW HITPOINT WARNING * * *
You hear an angry buzzing noise.
Unknown command.
The steam dragon breathes steam at you. The ball of steam hits you!
* * * LOW HITPOINT WARNING * * *
Unknown command.
Unknown command.
Found a scroll of teleportation.
The killer bee buzzes angrily.
The steam dragon breathes steam at you. The ball of steam hits you!
You die...

#.# #.#?#.#.# ..
#.#.#.#.## .#
#.#.y.... ..
........ .#
#y#...# .# #.
#D#...# .# #.
####§#...# .#
#.##..§§@.# .#
###.....§§#.# ##
.........§..#+###
##.............
##......§.......
#...............
#...............
#...............
##...............


You could see a steam dragon (catching breath) and a killer bee.

Vanquished Creatures
  Joseph (D:7)
  Jeremiah (D:6)
  Edmund (D:5)
  A black bear (D:6)
  A sky beast (D:6)
  Pargi (Sewer)
  An ogre (D:6)
  4 centaurs
  2 bullfrogs
  A gnoll sergeant (D:7)
  A brain worm (Sewer)
  4 scorpions
  2 howler monkeys
  2 orc priests (D:7)
  3 gnoll boudas
  3 hounds
  3 jellies
  A centaur skeleton (D:3)
  An iguana (D:6)
  A sleepcap (D:6)
  4 orc wizards
  A hound skeleton (D:3)
  A hound zombie (D:3)
  Robin (D:3)
  7 adders
  20 gnolls
  3 shadow imps (D:4)
  6 white imps
  4 ufetubi (D:4)
  3 dart slugs
  2 ribbon worms
  15 orcs
  3 bats
  4 endoplasms
  3 giant cockroaches
  8 hobgoblins
  5 jackals
  6 kobolds
  8 quokkas
  9 ball pythons
  A ball python zombie (D:3)
  9 frilled lizards
  13 goblins
  A jackal skeleton (D:3)
  A jackal zombie (D:3)
  A quokka skeleton (D:3)
  A quokka zombie (D:3)
  27 rats
202 creatures vanquished.

Vanquished Creatures (collateral kills)
  A ribbon worm (D:6)
1 creature vanquished.

Grand Total: 203 creatures vanquished

Notes
Turn   | Place    | Note
-------+----------+-------------------------------------------
     0 | D:1      | Newt the Gargoyle Fighter began the quest for the Orb.
     0 | D:1      | Reached XP level 1. HP: 14/14 MP: 1/1
    38 | D:1      | Reached XP level 2. HP: 14/19 MP: 2/2
   199 | D:1      | Found Baliatec's Assorted Antiques.
   230 | D:1      | Bought a scroll labelled ERUIXTERGHE for 24 gold pieces
   261 | D:1      | Reached XP level 3. HP: 24/24 MP: 3/3
   569 | D:1      | Reached skill level 4 in Fighting
   763 | D:1      | Bought a scroll labelled MOHEONN LEGI for 24 gold pieces
   763 | D:1      | Bought a fuming sapphire potion for 21 gold pieces
   872 | D:2      | Reached XP level 4. HP: 29/29 MP: 4/4
  1182 | D:2      | Found Nanupura's Distillery.
  1433 | D:3      | Reached XP level 5. HP: 24/34 MP: 5/5
  1491 | D:3      | Reached skill level 1 in Throwing
  1554 | D:3      | Found Gejiad's Distillery.
  1558 | D:3      | Bought a potion of curing for 36 gold pieces
  1601 | D:3      | Found Yrhuty's Distillery.
  1623 | D:3      | Found Cilyutay's Magic Scroll Shop.
  1657 | D:3      | Found Poney's Weapon Emporium.
  1962 | D:3      | Found a snail-covered altar of Cheibriados.
  2134 | D:3      | Reached XP level 6. HP: 35/40 MP: 6/6
  2195 | D:3      | Found Cacauleu's Antique Weapon Shoppe.
  2217 | D:3      | Reached skill level 5 in Fighting
  2372 | D:3      | Noticed Robin
  2380 | D:3      | Killed Robin
  2981 | D:4      | Reached XP level 7. HP: 37/44 MP: 7/7
  3241 | D:4      | Reached skill level 5 in Armour
  3806 | D:5      | Entered Level 5 of the Dungeon
  3815 | D:5      | Reached skill level 6 in Fighting
  4234 | D:5      | Reached XP level 8. HP: 37/52 MP: 8/8
  4458 | D:5      | Noticed Edmund
  4483 | D:5      | Killed Edmund
  4484 | D:5      | Reached skill level 5 in Shields
  5152 | D:3      | Bought a scroll of enchant armour for 75 gold pieces
  5152 | D:3      | Bought a scroll of revelation for 75 gold pieces
  5226 | D:3      | Bought a potion of lignification for 36 gold pieces
  5331 | D:6      | Found a burning altar of Makhleb.
  5346 | D:6      | Found a glowing drain.
  5347 | D:6      | Noticed Jeremiah
  5370 | Sewer    | Entered a sewer
  5377 | Sewer    | Reached skill level 7 in Fighting
  5644 | Sewer    | Noticed Pargi
  5653 | Sewer    | Killed Pargi
  5654 | Sewer    | Reached skill level 5 in Maces & Flails
  5746 | D:6      | Killed Jeremiah
  5784 | D:6      | Found a staircase to the Ecumenical Temple.
  5799 | Temple   | Entered the Ecumenical Temple
  5819 | Temple   | Became a worshipper of Warmaster Okawaru
  5855 | D:6      | Reached XP level 9. HP: 50/59 MP: 9/9
  5875 | D:6      | Reached skill level 8 in Fighting
  6200 | D:6      | Reached * piety under Okawaru
  6340 | D:6      | Found a sparkling altar of Nemelex Xobeh.
  7094 | D:6      | Found a blossoming altar of Fedhas.
  7434 | D:7      | Noticed Joseph
  7445 | D:7      | Killed Joseph
  7739 | D:7      | Reached skill level 9 in Fighting
  7872 | D:7      | Reached ** piety under Okawaru
  8217 | D:8      | Found a hide-covered altar of Uskayaw.
  8542 | D:8      | Killed from afar by a steam dragon

Illustrated notes

Levels and vault maps discovered:
D:1:      psy_arrival_fountain, layout_basic, serial_shops, shop,
          minmay_lizard_pond
D:2:      layout_loops_ring, serial_shops, nicolae_shop_back_alley_shop,
          grunt_decor_one_mirror
D:3:      minmay_chambers_of_twos, layout_basic, lemuel_round_altar,
          serial_undead, serial_undead_e, serial_undead_d, serial_undead_d,
          serial_undead_c, serial_undead_d, serial_undead_c, serial_shops,
          nicolae_shop_tiny_waterfront, nicolae_shop_behind_doors,
          nicolae_shop_back_alley_shop, shop, nicolae_shop_peninsula,
          grunt_ministairs_15, minmay_rat_hole, uniq_robin
D:4:      layout_loops_ring, serial_demonic, serial_demonic_d, serial_demonic_g,
          serial_demonic_a, serial_demonic_d
D:5:      layout_gridville, uniq_edmund
D:6:      layout_basic, fedhas_altar_3, lemuel_tele_altar,
          nemelex_xobeh_ov_fountains_minmay, minmay_temple_entry_waves,
          cheibrodos_sewer_entry_bend, enter_ossuary_5, uniq_jeremiah
D:7:      layout_gridville, uniq_joseph
D:8:      layout_basic, nicolae_uskayaw_murder_on_the_dancefloor
Temple:   hellmonk_temple_forest_ring

Skill      XL: |  1  2  3  4  5  6  7  8  9 |
---------------+----------------------------+-----
Maces & Flails | 3 4 6 8 |  8.9
Fighting       | 4 5 6 7 9 |  9.2
Throwing       | 2 3 |  3.0
Armour         | 4 6 |  6.0
Shields        | 5 |  5.0

Action                     |  1- 3 |  4- 6 |  7- 9 || total
---------------------------+-------+-------+-------++-------
  Melee: Flail             |   112 |   269 |   214 ||   595
         Dire flail        |       |       |   244 ||   244
  Throw: Dart              |       |       |    15 ||    15
    Use: Scroll            |     4 |     3 |     3 ||    10
         Potion            |       |       |     4 ||     4
 Armour: Scale mail        |   105 |   231 |       ||   336
         Chain mail        |       |       |   572 ||   572
         Skin              |       |       |    20 ||    20
  Dodge: Dodged            |    53 |   142 |   231 ||   426
  Block: Buckler           |    27 |    69 |    65 ||   161

Table legend: (Time is in decaauts)
 A = Elapsed time spent in this place.
 B = Non-inter-level travel time spent in this place.
 C = Inter-level travel time spent in this place.
 D = Time resting spent in this place.
 E = Time spent auto-exploring this place.
 F = Levels seen in this place.
 G = Mean time per level.
                   A        B        C        D        E       F      G
               +--------+--------+--------+--------+--------+-----+--------+
         Total |   8704 |   8237 |    467 |    960 |   5561 |  10 |  870.4 |
       Dungeon |   8280 |   7845 |    435 |    774 |   5447 |   8 | 1035.0 |
        Temple |     39 |      7 |     32 |      0 |      0 |   1 |   39.0 |
         Sewer |    383 |    383 |      0 |    186 |    114 |   1 |  383.0 |
               +--------+--------+--------+--------+--------+-----+--------+

Top non-repeatable levels by time:
     D:6: 1472 daAuts
     D:3: 1417 daAuts
     D:5: 1364 daAuts
     D:4: 1251 daAuts
     D:7: 1011 daAuts
     D:1: 832 daAuts
     D:2: 605 daAuts
   Sewer: 383 daAuts
     D:8: 326 daAuts
  Temple: 39 daAuts
